 Dungeon Crawl Stone Soup version 0.27.1 (webtiles) character file.

Game seed: 7172504002266757654

1583 pkoi the Grappler (level 8, -11/70 HPs)
             Began as a Troll Gladiator on Aug 25, 2021.
             Was a Follower of Elyvilon.
             Mangled by a two-headed ogre (21 damage)
             ... on level 8 of the Dungeon.
             The game lasted 00:06:36 (4109 turns).

pkoi the Grappler (Troll Gladiator)                 Turns: 4109, Time: 00:06:36

Health: -11/70     AC:  5    Str: 24    XL:     8   Next: 60%
Magic:  7/7        EV: 10    Int:  5    God:    Elyvilon [*.....]
Gold:   309        SH:  0    Dex: 11    Spells: 7/7 levels left

rFire    . . .     SeeInvis .     - Unarmed
rCold    . . .     Faith    .   (no shield)
rNeg     . . .     Spirit   .   a - +0 robe
rPois    .         Reflect  .   b - +1 hat
rElec    .         Harm     .   (no cloak)
rCorr    .         Rampage  .   (gloves unavailable)
Will     .....                  (boots unavailable)
Stlth    +.........             (no amulet)
HPRegen  1.21/turn              (no ring)
MPRegen  0.10/turn              (no ring)

@: no status effects
A: large, unfitting armour, claws 3, regeneration 1, shaggy fur 1, tough skin 1
a: Renounce Religion, Lesser Healing, Divine Protection


You were on level 8 of the Dungeon.
You worshipped Elyvilon.
Elyvilon was aware of your devotion.
You visited 2 branches of the dungeon, and saw 9 of its levels.

You collected 309 gold pieces.

Inventory:

Missiles
 c - 3 throwing nets
 j - 5 large rocks (quivered)
 q - 24 poisoned darts
 v - 2 javelins
Armour
 a - a +0 robe (worn)
 b - a +1 hat (worn)
Jewellery
 i - a ring of positive energy
 t - a +6 ring of intelligence
Wands
 w - a wand of paralysis (2)
Scrolls
 e - 2 scrolls of blinking
 n - 2 scrolls of enchant armour
 o - a scroll of enchant weapon {unknown}
 s - 2 scrolls of identify
 y - a scroll of teleportation
 z - a scroll of silence {unknown}
Potions
 d - 2 potions of haste {unknown}
 f - 3 potions of mutation {unknown}
 g - 2 potions of heal wounds {unknown}
 h - a potion of might
 k - a potion of flight {unknown}
 l - 2 potions of invisibility {unknown}
 m - a potion of attraction
 p - 4 potions of curing {unknown}
 r - a potion of cancellation {unknown}
 u - a potion of brilliance {unknown}
 x - a potion of magic {unknown}


   Skills:
 - Level 1.5 Fighting
 - Level 1.7 Throwing
 - Level 2.4 Dodging
 + Level 11.2 Unarmed Combat


You had 7 spell levels left.
You didn't know any spells.
Your spell library contained the following spells:

 Spells                   Type           Power      Damage    Failure   Level
 Corona                   Hex            0%         N/A       47%         1
 Ensorcelled Hibernation  Hex/Ice        0%         N/A       63%         2
 Tukima's Dance           Hex            0%         N/A       85%         3
 Chain Lightning          Conj/Air       0%         N/A       100%        9
 Fire Storm               Conj/Fire      0%         5d1       100%        9


Dungeon Overview and Level Annotations

Branches:
Dungeon (8/15)             Temple (1/1) D:5
   Lair: D:8-11

Altars:
Ashenzari
Cheibriados
Dithmenos
Elyvilon
Gozag
Hepliaklqana
Makhleb
Nemelex Xobeh
Okawaru
Qazlal
Ru
Sif Muna
Trog
Uskayaw
Vehumet
Wu Jian
Yredelemnul
The Shining One

Shops:
D:3 *

Annotations:
D:3 1 runed translucent door, suicidejoker's ghost, amateur DsBr


Innate Abilities, Weirdness & Mutations

You are too large for most types of armour.
You have claws for hands.
Your natural rate of healing is unusually fast.
You are covered in fur. (AC +1)
You have tough skin. (AC +1)


Message History

You climb upwards.
There is a stone staircase leading down here.
Found a burning altar of Makhleb.
There is a stone staircase leading down here.
You climb downwards.
There is a stone staircase leading up here.
Things that are here:
a +0 robe; a +0 mace
Found 17 gold pieces.
A howler monkey zombie comes into view.
Found a stone staircase leading down.
The howler monkey zombie hits you.
You closely miss the howler monkey zombie.
The howler monkey zombie closely misses you.
You mangle the howler monkey zombie!!
The howler monkey zombie is almost destroyed.
The howler monkey zombie hits you.
You mangle the howler monkey zombie!!
You destroy the howler monkey zombie!
A two-headed ogre comes into view. It is wielding two +0 giant clubs.
The two-headed ogre shouts in stereo!
You see here 17 gold pieces.
You now have 309 gold pieces (gained 17).
The two-headed ogre hits you with a +0 giant club! x2
You barely miss the two-headed ogre.
The two-headed ogre hits you with a +0 giant club.
The two-headed ogre barely misses you.
You mangle the two-headed ogre!!
The two-headed ogre is heavily wounded.
You barely miss the two-headed ogre.
The two-headed ogre is heavily wounded.
The two-headed ogre hits you with a +0 giant club!!
* * * LOW HITPOINT WARNING * * *
The two-headed ogre hits you with a +0 giant club!
* * * LOW HITPOINT WARNING * * *
You mangle the two-headed ogre!!
The two-headed ogre is almost dead.
The two-headed ogre misses you.
The two-headed ogre hits you with a +0 giant club!!
You die...

.................
.......
....###.........
....... ..
#......... .
.......
#####....#### ..
.......
#........#####...
.......
#................
.......
...................
.......
...................
.......
........#..@..#...#
.>.........O.......
..#....##..........
.###### #.....#...#
#..........
#..........
#..........
#.........


You could see a two-headed ogre.

Vanquished Creatures
  A centaur (D:6)
  2 necrophages
  A phantom (D:3)
  A kobold brigand (D:4)
  3 scorpions
  5 wights
  A howler monkey (D:6)
  A bullfrog zombie (D:6)
  A crimson imp (D:5)
  4 hounds
  4 orc priests
  A centaur skeleton (D:5)
  2 iguanas
  4 orc wizards
  A hound skeleton (D:4)
  A howler monkey zombie (D:8)
  6 gnolls
  8 adders
  4 white imps
  2 adder skeletons (D:4)
  2 worms (D:4)
  2 dart slugs
  13 orcs
  5 ball pythons
  6 bats
  2 endoplasms (D:3)
  4 giant cockroaches
  6 goblins
  5 hobgoblins
  2 jackals (D:3)
  3 quokkas
  A frilled lizard (D:3)
  6 kobolds
  A rat (D:2)
111 creatures vanquished.

Vanquished Creatures (others)
  A plant (D:8)
1 creature vanquished.

Grand Total: 112 creatures vanquished

Notes
Turn   | Place    | Note
-------+----------+-------------------------------------------
     0 | D:1      | pkoi the Troll Gladiator began the quest for the Orb.
     0 | D:1      | Reached XP level 1. HP: 19/19 MP: 0/0
   345 | D:1      | Reached XP level 2. HP: 27/27 MP: 1/1
   403 | D:1      | Found a faded altar of an unknown god.
   843 | D:2      | Reached skill level 4 in Unarmed Combat
   896 | D:2      | Reached XP level 3. HP: 28/33 MP: 2/2
  1377 | D:3      | Found Nerasm's Assorted Antiques.
  1432 | D:3      | Reached skill level 5 in Unarmed Combat
  1432 | D:3      | Reached XP level 4. HP: 40/41 MP: 3/3
  1455 | D:3      | Found a runed translucent door.
  1641 | D:3      | Noticed suicidejoker's ghost (amateur DsBr)
  1669 | D:4      | Noticed a phantom
  1684 | D:4      | Reached XP level 5. HP: 28/48 MP: 4/4
  1701 | D:3      | Killed a phantom
  1702 | D:3      | Reached skill level 6 in Unarmed Combat
  1801 | D:4      | Found a sacrificial altar of Ru.
  1831 | D:4      | Became a worshipper of Ru the Awakened
  1859 | D:4      | Noticed a necrophage
  1867 | D:4      | Killed a necrophage
  1868 | D:4      | Reached skill level 7 in Unarmed Combat
  1868 | D:4      | Reached XP level 6. HP: 44/55 MP: 5/5
  2229 | D:5      | Entered Level 5 of the Dungeon
  2363 | D:4      | Reached skill level 8 in Unarmed Combat
  2378 | D:4      | Reached XP level 7. HP: 60/62 MP: 6/6
  2616 | D:5      | Reached skill level 9 in Unarmed Combat
  2670 | D:5      | Found a snail-covered altar of Cheibriados.
  2740 | D:5      | Found a staircase to the Ecumenical Temple.
  3109 | Temple   | Entered the Ecumenical Temple
  3375 | Temple   | Fell from the grace of Ru
  3375 | Temple   | Became a worshipper of Elyvilon the Healer
  3537 | D:6      | Found a basalt altar of Yredelemnul.
  3546 | D:6      | Reached XP level 8. HP: 32/70 MP: 7/7
  3548 | D:6      | Reached skill level 10 in Unarmed Combat
  3592 | D:6      | Reached * piety under Elyvilon
  3992 | D:7      | Reached skill level 11 in Unarmed Combat
  4011 | D:7      | You fall into a shaft and drop 1 floor!
  4070 | D:7      | Found a burning altar of Makhleb.
  4101 | D:8      | Noticed a two-headed ogre
  4109 | D:8      | Mangled by a two-headed ogre

Illustrated notes

Levels and vault maps discovered:
D:1:      dpeg_arrival_round_b, layout_basic,
          shapermc_ecumenical_altar_mp_vishouse, minmay_pentomino_o4
D:2:      layout_basic
D:3:      layout_basic, ebering_ghost_inner_flame, serial_shops,
          nicolae_shop_stone
D:4:      layout_basic, nicolae_ru_sacrificial_ziggurat
D:5:      layout_rooms, kennysheep_slug_shrine, minmay_temple_entry_overgrown,
          minmay_fire_ice_demons
D:6:      layout_cave_pools, mainiacjoe_overflow_tiny_flanked,
          serial_column_ruins, column_ruins_columns_straight,
          column_ruins_grid_1, column_ruins_open_tiny,
          column_ruins_corridor_straight
D:7:      layout_rooms, nicolae_overflow_hidden_temple,
          amcnicky_mini_rare_corridor_liquid, nrook_uturn
D:8:      layout_basic, dpeg_oklobed_lair, uniq_pikel, uniq_maggie, uniq_harold
Temple:   dpeg_chambers_temple

Skill      XL: |  1  2  3  4  5  6  7  8 |
---------------+-------------------------+-----
Unarmed Combat | 4 5 7 8 9 11 | 11.2
Fighting       | |  1.5
Throwing       | |  1.7
Dodging        | |  2.4

Action                   |  1- 3 |  4- 6 |  7- 9 || total
-------------------------+-------+-------+-------++-------
Melee: Unarmed           |    94 |    93 |   141 ||   328
       Punch             |     1 |     4 |     4 ||     9
Invok: Reject Sacrifices |       |       |     1 ||     1
  Use: Scroll            |     6 |     1 |       ||     7
 Stab: Sleeping          |       |     1 |       ||     1
Armor: Robe              |    39 |    23 |    26 ||    88
Dodge: Dodged            |    59 |    36 |    75 ||   170
